Map: Ephemeron LE

Players

MeomaikA

  • Race: Zerg Zerg
  • League: Master
  • Spawn Location: 11:00

CatZ - Winner!

  • Race: Zerg Zerg
  • League: Grandmaster
  • Spawn Location: 5:00

Event: NationWars 2019

VOD

Have the link to the VOD?

Description

Time

  • Played on: Oct. 1, 2019, 12:20 p.m.
  • Length: 9:52

All games in this series

Show
View Real Time Build Order
Export as new Build Order

MeomaikA Zerg 

Build Orders: Pool First 

Get SALT Encoding   

  12  0:00  Drone  
  13  0:08  Drone  
  14  0:17  Overlord  
  14  0:25  Extractor  
  14  0:26  Drone  
  15  0:36  Drone x2  
  17  0:45  Spawning Pool  
  17  0:49  Drone  
  17  1:09  Hatchery  
  16  1:13  Drone  
  16  1:15  Extractor  
  16  1:18  Drone  
  17  1:23  Drone  
  18  1:32  Queen  
  20  1:34  Drone  
  20  1:39  Zergling x2  
  22  1:47  Spine Crawler  
  22  1:49  Zergling x2  
  22  2:00  Overlord  
  21  2:17  Zergling x2  
  21  2:20  Zergling x2  
  21  2:21  Zergling x2  
  23  2:24  Queen  
  25  2:44  Drone x2  
  24  2:49  Drone x2  
  24  2:54  Queen  
  26  2:58  Drone  
  26  3:02  Drone  
  28  3:08  Drone  
  29  3:16  Drone  
  29  3:18  Drone  
  31  3:22  Drone  
  32  3:29  Roach Warren, Drone  
  32  3:30  Drone  
  32  3:32  Drone  
  34  3:43  Evolution Chamber  
  34  3:45  Evolution Chamber  
  34  3:47  Lair  
  32  3:50  Drone  
  32  3:52  Drone  
  34  3:57  Evolution Chamber  
  34  3:58  Drone  
  34  4:00  Drone  
  34  4:02  Drone  
  36  4:07  Overlord  
  36  4:10  Extractor  
  36  4:11  Drone  
  36  4:20  Overlord  
  36  4:25  Drone x2  
  36  4:26  Drone x2  
  36  4:27  Drone  
  36  4:29  Drone  
  42  4:35  Roach  
  44  4:38  Roach  
  44  4:39  Roach  
  44  4:44  Glial Reconstitution  
  48  4:47  Roach  
  48  4:49  Roach  
  52  4:58  Overlord  
  52  4:59  Overlord  
  52  5:00  Overseer  
  52  5:03  Zerg Missile Weapons Level 1  
  52  5:06  Overlord  
  52  5:09  Overlord  
  52  5:12  Overlord  
  52  5:18  Roach x2  
  52  5:20  Roach  
  58  5:23  Roach  
  58  5:26  Roach  
  58  5:28  Roach  
  64  5:31  Roach  
  66  5:36  Roach x2  
  66  5:38  Roach  
  66  5:41  Roach  
  74  5:44  Roach  
  74  5:47  Roach  
  78  5:52  Roach x2  
  78  5:57  Roach  
  84  5:59  Overlord  
  84  6:01  Overlord  
  84  6:08  Overlord  
  84  6:12  Overlord  
  84  6:19  Roach  
  84  6:20  Roach  
  84  6:21  Roach  
  84  6:23  Roach x2  
  84  6:25  Roach  
  94  6:27  Roach  
  94  6:30  Roach  
  94  6:32  Roach  
  94  6:35  Roach  
  94  6:39  Roach  
  92  6:44  Roach  
  90  6:48  Roach  
  88  6:54  Roach  
  88  6:59  Roach  
  90  7:05  Roach  
  90  7:07  Roach  
  88  7:10  Hatchery  
  88  7:12  Roach  
  83  7:17  Roach  
  83  7:21  Roach  
  83  7:25  Roach  
  69  7:31  Roach  
  69  7:34  Drone, Extractor x2  
  69  7:35  Drone  
  69  7:38  Roach  
  69  7:39  Drone x3, Queen  
  76  7:44  Roach  
  76  7:49  Roach  
  80  7:57  Roach  
  82  8:00  Roach  
  82  8:05  Roach x2  
  88  8:06  Drone x2  
  88  8:08  Roach x2  
  88  8:10  Drone  
  95  8:13  Drone  
  95  8:18  Drone  
  97  8:23  Drone  
  97  8:24  Roach  
  97  8:25  Queen  
  102  8:29  Drone  
  102  8:32  Roach  
  102  8:33  Roach  
  107  8:34  Drone  
  107  8:39  Ravager x2  
  107  8:40  Ravager x2  
  112  8:42  Drone x2  
  112  8:43  Drone  
  112  8:46  Roach, Extractor  
  116  8:50  Roach  
  116  8:53  Roach  
  116  8:54  Roach  
  122  9:04  Overlord x3  
  122  9:11  Overlord x2  
  122  9:18  Roach  
  122  9:20  Roach  
  122  9:21  Roach  
  122  9:22  Roach x2  
  122  9:23  Roach  
  118  9:26  Roach  
  118  9:28  Roach  
Show
View Real Time Build Order
Export as new Build Order

CatZ Zerg - Winner!

Build Orders: Pool First 

Get SALT Encoding   

  12  0:18  Spawning Pool  
  11  0:21  Drone  
  11  0:26  Drone  
  13  0:30  Drone  
  14  0:40  Overlord  
  14  1:05  Zergling x6  
  17  1:15  Hatchery  
  17  1:18  Zergling x2  
  17  1:27  Zergling x2  
  18  1:33  Queen  
  18  1:38  Zergling x2  
  21  1:48  Zergling x2  
  22  1:59  Overlord  
  21  2:18  Zergling x2  
  21  2:28  Drone x2, Queen  
  24  2:30  Queen  
  24  2:32  Zergling x2  
  24  2:46  Drone  
  24  2:47  Drone  
  24  2:48  Drone  
  27  2:51  Extractor  
  27  2:53  Drone  
  27  3:01  Drone x4  
  31  3:15  Drone x2  
  31  3:18  Overlord  
  33  3:21  Drone  
  33  3:26  Drone  
  35  3:33  Overlord  
  35  3:36  Drone  
  35  3:37  Drone x2  
  38  3:47  Drone  
  38  3:48  Drone x3  
  42  3:54  Drone x2  
  44  3:57  Evolution Chamber  
  44  4:00  Drone x3  
  46  4:11  Roach Warren  
  46  4:14  Lair  
  46  4:15  Drone x2  
  46  4:17  Drone  
  48  4:18  Drone  
  48  4:21  Extractor  
  48  4:26  Overlord  
  48  4:28  Zerg Missile Weapons Level 1  
  48  4:32  Drone  
  48  4:33  Drone x2  
  48  4:35  Overlord  
  51  4:42  Overlord  
  51  4:43  Extractor  
  50  4:48  Hatchery  
  49  4:59  Roach x4  
  57  5:05  Drone x2  
  57  5:06  Drone  
  60  5:07  Roach  
  60  5:08  Extractor  
  61  5:14  Overseer  
  61  5:18  Drone x5  
  61  5:19  Drone  
  61  5:20  Drone  
  68  5:24  Glial Reconstitution  
  68  5:30  Roach x2  
  72  5:35  Overlord  
  72  5:39  Roach  
  74  5:44  Overlord  
  74  5:46  Overlord  
  74  5:50  Overlord  
  74  5:56  Roach x4  
  82  5:58  Overlord  
  82  6:01  Roach x2  
  82  6:02  Roach  
  88  6:07  Roach  
  88  6:10  Roach  
  92  6:12  Spine Crawler  
  92  6:14  Roach  
  93  6:24  Roach x2  
  91  6:27  Roach  
  91  6:32  Roach x2  
  87  6:33  Roach  
  87  6:34  Roach x3  
  85  6:40  Roach x3  
  85  6:46  Roach x2  
  85  6:48  Roach  
  85  6:51  Roach  
  88  6:55  Roach  
  88  6:57  Queen  
  88  6:59  Roach  
  95  7:01  Roach  
  95  7:07  Roach x4  
  102  7:11  Roach  
  102  7:12  Roach  
  102  7:15  Roach  
  104  7:21  Roach x3  
  106  7:23  Roach  
  106  7:29  Roach  
  100  7:31  Queen  
  100  7:36  Drone  
  100  7:37  Drone x4  
  105  7:41  Roach  
  105  7:42  Roach  
  111  7:58  Drone x3, Overlord  
  114  7:59  Evolution Chamber  
  114  8:00  Extractor  
  114  8:05  Roach x2  
  116  8:06  Roach  
  116  8:10  Pneumatized Carapace  
  118  8:13  Roach x2  
  118  8:14  Overlord x2  
  118  8:18  Roach x2  
  126  8:23  Roach x2  
  130  8:30  Overlord  
  130  8:33  Roach  
  130  8:34  Roach x2  
  136  8:36  Roach x2  
  140  8:43  Roach x3  
  146  8:58  Overlord  
  146  9:02  Overlord x2  
  146  9:06  Overlord  
  146  9:11  Overlord x2  
  144  9:29  Roach x9  
  144  9:30  Roach  
  148  9:32  Roach  
  148  9:33  Roach  
Tags
 
Add a new tag
Caveats
  • Supply blocks, unpowered buildings, or Contaminate may cause inaccurate times.
  • Supply counts are checked every 10 seconds.